 Dungeon Crawl Stone Soup version 0.20.1-1-g8b1a95d (webtiles) character file.

246 poxvuibr the Magician (level 5, 0/28 HPs)
             Began as a Deep Elf Wizard on Sept 23, 2017.
             Killed by divine providence
             ... invoked by an orc priest
              (12 damage)
             ... on level 2 of the Dungeon.
             The game lasted 00:20:14 (4174 turns).

poxvuibr the Magician (Deep Elf Wizard)             Turns: 4174, Time: 00:20:15

Health: 0/28       AC:  4    Str:  4    XL:     5   Next: 84%
Magic:  16/16      EV: 13    Int: 24    God:
Gold:   215        SH:  0    Dex: 16    Spells: 14/18 levels left

rFire    + . .     SeeInvis .   k - +0 short sword
rCold    . . .     Gourm    .   (no shield)
rNeg     . . .     Faith    .   q - +0 robe {rF+}
rPois    .         Spirit   .   e - +0 helmet
rElec    .         Reflect  .   (no cloak)
rCorr    .         Harm     .   v - +0 pair of gloves
MR       .....                  (no boots)
Stlth    ++........             (no amulet)
Regen    0.1/turn               r - +3 ring of dexterity
MPRegen  0.2/turn               s - ring of flight

@: no status effects
A: no striking features
a: Evoke Flight


You were on level 2 of the Dungeon.
You were near starving.

You visited 1 branch of the dungeon, and saw 3 of its levels.

You collected 215 gold pieces.

Inventory:

Hand Weapons
 h - a +4 short sword
 k - a +0 short sword (weapon)
 m - a +1 vampiric short sword
Missiles
 t - 5 poisoned needles
Armour
 a - a +0 robe
 b - a +0 hat
 e - a +0 helmet (worn)
 q - a +0 robe of fire resistance (worn)
 v - a +0 pair of gloves (worn)
Jewellery
 r - a +3 ring of dexterity (left hand)
 s - a ring of flight (right hand)
Scrolls
 o - a scroll of blinking {unknown}
 p - a scroll of identify {unknown}
Potions
 l - a potion of curing {unknown}
 u - a potion of berserk rage {unknown}
Books
 c - a book of Minor Magic

   Spells                             Type                      Level
   a - Magic Dart                     Conjuration                  1
   b - Blink                          Translocation                2
   c - Call Imp                       Summoning                    2
   d - Slow                           Hexes                        2
   e - Conjure Flame                  Conjuration/Fire             3
   f - Mephitic Cloud                 Conjuration/Poison/Air       3
Comestibles
 d - 2 bread rations
 g - a royal jelly
 j - 2 fruits
 n - 2 meat rations


   Skills:
 - Level 2.4 Dodging
 - Level 2.4 Stealth
 + Level 7.3 Spellcasting
 + Level 4.2 Conjurations
   Level 1.1 Summonings
   Level 1.1 Translocations


You had 14 spell levels left.
You knew the following spells:

 Your Spells              Type           Power        Failure   Level  Hunger
a - Conjure Flame         Conj/Fire      ###.....     9%          3    None
z - Magic Dart            Conj           ####         1%          1    None


Dungeon Overview and Level Annotations

Branches:
Dungeon (3/15)

Altars:
Cheibriados
Okawaru
Ru

Annotations:
D:3 Sigmund


Message History

The orc barely misses you. The bat hits you but does no damage.
The orc shouts!
You hear a shout! x2
Found a spear.
Found a stone staircase leading down.
There is a stone staircase leading up here.
The bat hits you but does no damage.
The orc priest mumbles some strange prayers to Beogh against you.
Beogh smites you! The orc hits you but does no damage.
You climb upwards.
There is a stone staircase leading down here.
As you read the scroll labeled HUDOGA BUIWUH, it crumbles to dust.
It is a scroll of enchant weapon.
Your vampiric short sword glows red for a moment.
The orc priest hits you but does no damage.
As you read the scroll labeled GYFRIMN KUIV, it crumbles to dust.
It is a scroll of recharging.
You aren't carrying any rechargeable items.
The orc hits you with a mace.
The orc priest calls down the wrath of Beogh upon you.
Beogh smites you!
You die...

#.......#.##..####.#.≈.#
##.####.#..........#[..# #.#
#.#.#.#.####.#...# #.#
#...#....###.##'## #.#
#...####.....#...# ##.#
#.#..#......##.#.# #..#
#.##........#.###. #.##
#.###......##.#.#. ##.# ##@#
#..#####.##.## #..# #oo# ##.##
##.#.### #.## #.## #..# #.##.#
# #.# #.# ##.# #.##.# # #.#
##.# #.# #.##.# #
#######.####..# #.# #....###
#..........#.## #.######.#..
#..........#.#######...)......#
#.....................##.......


You could see an orc priest and an orc.

Vanquished Creatures
  Jessica (D:2)
  Natasha (thrice) (D:2)
  4 adders (D:2)
  6 oozes
  3 dart slugs
  A leopard gecko (D:2)
  5 giant cockroaches
  12 goblins
  9 hobgoblins
  5 jackals
  8 bats
  8 frilled lizards
  9 kobolds
  8 rats
  A fungus (D:1)
83 creatures vanquished.

Notes
Turn   | Place    | Note
-------+----------+-------------------------------------------
     0 | D:1      | poxvuibr the Deep Elf Wizard began the quest for the Orb.
     0 | D:1      | Reached XP level 1. HP: 10/10 MP: 7/7
   281 | D:1      | Reached XP level 2. HP: 12/15 MP: 1/9
   472 | D:1      | Reached skill level 5 in Spellcasting
  1112 | D:1      | Reached XP level 3. HP: 19/19 MP: 9/11
  1117 | D:1      | Learned a level 3 spell: Conjure Flame
  1591 | D:1      | Found an iron altar of Okawaru.
  2120 | D:2      | Found a sacrificial altar of Ru.
  2130 | D:2      | Reached XP level 4. HP: 24/24 MP: 6/13
  2145 | D:2      | Reached skill level 6 in Spellcasting
  2234 | D:2      | Noticed Jessica
  2238 | D:2      | Killed Jessica
  2268 | D:2      | Found a snail-covered altar of Cheibriados.
  2548 | D:2      | Noticed Natasha
  2554 | D:2      | Killed Natasha
  2554 | D:2      | Reached XP level 5. HP: 23/28 MP: 6/16
  2841 | D:2      | Noticed Natasha
  2848 | D:2      | Killed Natasha
  2936 | D:2      | Reached skill level 7 in Spellcasting
  3256 | D:2      | Noticed Natasha
  3260 | D:2      | Killed Natasha
  3376 | D:2      | Found a sacrificial altar of Ru.
  3638 | D:2      | Found a snail-covered altar of Cheibriados.
  4061 | D:3      | Noticed Sigmund
  4174 | D:2      | Killed from afar by an orc priest

Skill      XL: |  1  2  3  4  5 |
---------------+----------------+-----
Spellcasting   | 5 6 7 |  7.3
Conjurations   | 2 3 4 |  4.2
Dodging        | |  2.4
Stealth        | |  2.4
Summonings     | |  1.1
Translocations | |  1.1

Action                   |  1- 3 |  4- 6 || total
-------------------------+-------+-------++-------
Melee: Short sword       |    15 |       ||    15
 Cast: Magic Dart        |   104 |    86 ||   190
       Conjure Flame     |       |    15 ||    15
  Use: Scroll            |       |     2 ||     2
  Eat: Chunk             |     3 |     5 ||     8
Armor: Robe              |     5 |     3 ||     8
Dodge: Dodged            |    18 |     2 ||    20
